 Dungeon Crawl Stone Soup version 0.24.1-5-g77f818bfca (webtiles) character file.

Game seed: 16314485290984339446, levelgen mode: deterministic

699 Riddle the Skirmisher (level 7, -1/58 HPs)
             Began as a Mummy Chaos Knight on Apr 22, 2020.
             Was a Plaything of Xom.
             Slain by a gnoll
             ... wielding a +0 halberd
              (12 damage)
             ... on level 5 of the Dungeon.
             The game lasted 00:09:04 (3816 turns).

Riddle the Skirmisher (Mummy Chaos Knight)          Turns: 3816, Time: 00:09:05

Health: -1/58      AC: 10    Str: 22    XL:     7   Next: 38%
Magic:  7/7        EV: 12    Int: 11    God:    Xom [*.....]
Gold:   154        SH:  0    Dex: 12    Spells: 6/6 levels left

rFire    x . .     SeeInvis .   m - +1 trident of the Onslaught {vamp, Str+5} (curse)
rCold    + . .     Gourm    .   (no shield)
rNeg     + + +     Faith    .   b - +2 leather armour
rPois    ∞         Spirit   .   (no helmet)
rElec    .         Reflect  .   (no cloak)
rCorr    .         Harm     .   (no gloves)
MR       .....                  (no boots)
Stlth    +.........             (no amulet)
HPRegen  0.19/turn              e - +5 ring of protection
MPRegen  0.10/turn              (no ring)

@: no status effects
A: no food or potions, fire vulnerability, cold resistance 1, negative energy
resistance 3, torment resistance, unbreathing
a: Renounce Religion


You were on level 5 of the Dungeon.
You worshipped Xom.
You were a special plaything of Xom.
You were not hungry.

You visited 1 branch of the dungeon, and saw 5 of its levels.

You collected 154 gold pieces.

Inventory:

Hand Weapons
 a - a +0 hand axe of chaos
 i - a +0 hand crossbow
 m - the cursed +1 trident of the Onslaught (weapon) {vamp, Str+5}
   (You found it on level 4 of the Dungeon)

   It inflicts no extra harm, but heals its wielder when it wounds a living foe.
   It affects your strength (+5).
   It has a curse placed upon it.
Armour
 b - a +2 leather armour (worn)
Jewellery
 e - a +5 ring of protection (left hand)
Wands
 n - a wand of enslavement (6)
Scrolls
 c - 3 scrolls of teleportation {unknown}
 d - 10 scrolls of identify {unknown}
 f - 2 scrolls of fog {unknown}
 g - 2 scrolls of immolation {unknown}
 h - 4 scrolls of amnesia {unknown}
 j - a scroll of noise {unknown}
 k - 2 scrolls of remove curse {unknown}
 l - a scroll of random uselessness {unknown}


   Skills:
 + Level 6.1 Fighting
 - Level 2.6(3.5) Axes
 * Level 3.4(3.9) Polearms
 - Level 2.9 Armour
 - Level 1.4 Dodging
 - Level 1.2 Stealth


You had 6 spell levels left.
You didn't know any spells.
Your spell library was empty.

Dungeon Overview and Level Annotations

Branches:
Dungeon (5/15)
 Temple: D:4-7

Altars:
Nemelex Xobeh
Sif Muna

Annotations:
D:4 1 runed translucent door, monokles's ghost, amateur MfAr


Innate Abilities, Weirdness & Mutations

You do not eat or drink.
Your flesh is vulnerable to fire.
You are immune to poison.
Your flesh is cold resistant. (rC+)
You are immune to negative energy. (rN+++)
You are immune to unholy pain and torment.
You can survive without breathing.


Message History

The gnoll is severely wounded.
The gnoll completely misses you. The gnoll barely misses you.
You barely miss the gnoll.
The gnoll is severely wounded.
The gnoll barely misses you. x2
You barely miss the gnoll.
The gnoll is severely wounded.
The gnoll closely misses you. The gnoll barely misses you.
You hit the gnoll but do no damage.
The gnoll is severely wounded.
The gnoll barely misses you. The gnoll completely misses you.
You closely miss the gnoll.
The gnoll is severely wounded.
The gnoll hits you but does no damage. The gnoll barely misses you.
You hit the gnoll but do no damage.
The gnoll is severely wounded.
The gnoll hits you from afar with a +0 spear.
* * * LOW HITPOINT WARNING * * *
The gnoll hits you with a +0 halberd!
You die...

####.#
#.#########
##........#
#........#
##>......#
#.......#
#.......#
#g†g....#
#..@....#
#.).....#
#########


You could see 2 gnolls.

Vanquished Creatures
  Eustachio (D:4)
  A sky beast (D:4)
  An ogre (D:4)
  A crimson imp (D:4)
  An orc priest (D:3)
  A hound (D:4)
  3 iguanas (D:4)
  A worker ant (D:4)
  2 gnolls (D:5)
  5 adders
  An adder skeleton (D:4)
  6 worms
  4 dart slugs
  A leopard gecko (D:1)
  9 orcs
  4 giant cockroaches
  12 hobgoblins
  5 kobolds
  A quokka (D:3)
  2 bats (D:3)
  4 frilled lizards
  15 goblins
  14 rats
95 creatures vanquished.

Vanquished Creatures (collateral kills)
  2 orcs (D:3)
2 creatures vanquished.

Grand Total: 97 creatures vanquished

Notes
Turn   | Place    | Note
-------+----------+-------------------------------------------
     0 | D:1      | Riddle the Mummy Chaos Knight began the quest for the Orb.
     0 | D:1      | Reached XP level 1. HP: 18/18 MP: 1/1
    95 | D:1      | XOM: potion effect (curing)
    98 | D:1      | Reached XP level 2. HP: 21/24 MP: 2/2
   224 | D:1      | XOM is BORED!
   224 | D:1      | XOM: silly message
   857 | D:1      | XOM: harmless Chrm miscast
   930 | D:2      | Reached XP level 3. HP: 30/30 MP: 3/3
   969 | D:2      | XOM: harmless Hex miscast
  1079 | D:2      | Found a faded altar of an unknown god.
  1085 | D:2      | Reached skill level 4 in Fighting
  1290 | D:2      | XOM: divination: detect items
  1301 | D:2      | XOM: enchant monster (good)
  1308 | D:2      | Reached XP level 4. HP: 37/37 MP: 4/4
  1658 | D:3      | Found a shimmering blue altar of Sif Muna.
  1779 | D:3      | XOM: mild Tloc miscast
  1780 | D:3      | Noticed a spatial vortex
  2272 | D:3      | XOM: summons 4 friendly demons
  2308 | D:3      | XOM: blink monster(s)
  2317 | D:4      | Reached skill level 1 in Dodging
  2317 | D:4      | Reached XP level 5. HP: 16/43 MP: 5/5
  2387 | D:4      | XOM: harmless Conj miscast
  2458 | D:4      | XOM: harmless Tloc miscast
  2471 | D:3      | XOM: enchant monster (bad)
  2512 | D:3      | XOM: summons 2 hostile demons
  2513 | D:3      | Noticed a neqoxec
  2679 | D:3      | Reached skill level 5 in Fighting
  2681 | D:3      | Reached skill level 1 in Stealth
  2806 | D:4      | Got a bone trident
  2807 | D:4      | Identified the cursed +1 trident of the Onslaught {vamp,
                  | Str+5} (You found it on level 4 of the Dungeon)
  2916 | D:4      | Found a runed translucent door.
  2916 | D:4      | Noticed monokles's ghost (amateur MfAr)
  2946 | D:4      | Reached XP level 6. HP: 47/51 MP: 6/6
  2960 | D:4      | Reached skill level 1 in Polearms
  3005 | D:4      | Noticed Eustachio
  3016 | D:4      | XOM: swap monsters
  3063 | D:4      | Found a sparkling altar of Nemelex Xobeh.
  3146 | D:4      | XOM: potion effect (invisibility)
  3154 | D:4      | Killed Eustachio
  3190 | D:4      | Reached XP level 7. HP: 31/57 MP: 7/7
  3249 | D:4      | XOM: harmless Tmut miscast
  3572 | D:4      | Reached skill level 6 in Fighting
  3665 | D:4      | XOM: harmless Necr miscast
  3762 | D:5      | Entered Level 5 of the Dungeon
  3797 | D:5      | XOM: mild Tloc miscast
  3816 | D:5      | Slain by a gnoll

Levels and vault maps discovered:
D:1:      mrwooster_arrival_statue, layout_basic, minmay_bisected
D:2:      layout_basic, chequers_ecumenical_altar_simple_redux
D:3:      layout_basic, lemuel_blue_sif_altar
D:4:      layout_loops_ring, old_standard_altar, hellmonk_ghost_happy_afterlife,
          first_ration, minmay_crystal_water, uniq_eustachio
D:5:      layout_basic, serial_curves, eino_curves_03, eino_curves_02,
          nicolae_ru_the_path_less_chosen

Skill      XL: |  1  2  3  4  5  6  7 |
---------------+----------------------+-----
Armour         | 2 |  2.9
Fighting       | 4 5 6 |  6.1
Dodging        | 1 |  1.4
Stealth        | 1 |  1.2
Polearms       | 2 3 |  3.4
Axes           | |  2.6

Action                   |  1- 3 |  4- 6 |  7- 9 || total
-------------------------+-------+-------+-------++-------
Melee: Hand axe          |   113 |   100 |       ||   213
       Trident           |       |    74 |    54 ||   128
Evoke: Wand              |       |       |     1 ||     1
 Stab: Paralysed         |     4 |     3 |       ||     7
       Petrified         |     3 |       |       ||     3
       Sleeping          |       |     1 |       ||     1
       Invisible         |       |     4 |       ||     4
Armor: Leather armour    |    37 |    75 |    24 ||   136
       Scale mail        |       |     5 |       ||     5
Dodge: Dodged            |    47 |   123 |    44 ||   214
